 Dungeon Crawl Stone Soup version 0.29.1-15-g9cfb28693d (webtiles) character file.

Game seed: 10922773038857937207

8323 EarthwalkerPL the Protected (level 11, -11/102 HPs)
             Began as a Minotaur Fighter on Apr 3, 2023.
             Was a High Priest of Okawaru.
             Mangled by a boulder beetle (32 damage)
             ... on level 1 of the Lair of Beasts.
             The game lasted 00:14:15 (10200 turns).

EarthwalkerPL the Protected (Minotaur Fighter)     Turns: 10200, Time: 00:14:15

Health: -11/102    AC: 15    Str: 24    XL:     11   Next: 8%
Magic:  10/10      EV: 10    Int:  5    God:    Okawaru [*****.]
Gold:   663        SH: 12    Dex: 17    Spells: 10/10 levels left

rFire   + . .      SeeInvis .   a - +0 war axe
rCold   . . .      Faith    .   c - +0 buckler
rNeg    . . .      Spirit   .   B - +3 ring mail {rPois}
rPois   +          Reflect  +   i - +0 hat
rElec   .          Harm     .   m - +0 cloak
rCorr   .          Rampage  .   o - +0 pair of gloves
Will    .....                   h - +0 pair of boots
Stlth   +.........              x - amulet of reflection
HPRegen 0.27/turn               k - ring of protection from fire
MPRegen 0.12/turn               L - +6 ring of dexterity

@: no status effects
A: horns 2, retaliatory headbutt
a: Renounce Religion, Heroism, Finesse, Duel


You were on level 1 of the Lair of Beasts.
You worshipped Okawaru.
Okawaru was extremely pleased with you.
You visited 3 branches of the dungeon, and saw 11 of its levels.

You collected 683 gold pieces.
You spent 20 gold pieces at shops.

Inventory:

Hand Weapons
 a - a +0 war axe (weapon)
Missiles
 g - 26 boomerangs
 s - 6 poisoned darts (quivered)
 C - 2 silver boomerangs
 P - a throwing net
Armour
 b - a +0 scale mail
 c - a +0 buckler (worn)
 h - a +0 pair of boots (worn)
 i - a +0 hat (worn)
 m - a +0 cloak (worn)
 o - a +0 pair of gloves (worn)
 B - a +3 ring mail of poison resistance (worn)
Jewellery
 k - a ring of protection from fire (left hand)
 x - an amulet of reflection (around neck)
 L - a +6 ring of dexterity (right hand)
 M - a ring of protection from cold
Wands
 A - a wand of flame (12)
 H - a wand of roots (19)
 R - a wand of light (3)
Scrolls
 e - 2 scrolls of torment
 f - 6 scrolls of teleportation
 l - 3 scrolls of brand weapon
 n - 4 scrolls of noise
 p - 5 scrolls of blinking
 q - a scroll of enchant armour
 t - 3 scrolls of enchant weapon
 v - 3 scrolls of vulnerability
 w - 4 scrolls of fog
 y - a scroll of magic mapping
 D - 5 scrolls of amnesia {unknown}
 E - a scroll of fear
 G - a scroll of summoning
 Q - a scroll of immolation {unknown}
 S - a scroll of identify
Potions
 d - 4 potions of might
 j - 6 potions of curing {unknown}
 r - 3 potions of mutation {unknown}
 u - 4 potions of heal wounds {unknown}
 z - 2 potions of berserk rage {unknown}
 F - 2 potions of ambrosia {unknown}
 I - 2 potions of flight {unknown}
 J - a potion of invisibility {unknown}
 K - a potion of degeneration {unknown}
 N - a potion of haste {unknown}
 O - a potion of lignification {unknown}


   Skills:
 * Level 11.5 Fighting
 * Level 11.1 Axes
 * Level 11.6 Armour
 + Level 8.8 Shields


You had 10 spell levels left.
You didn't know any spells.
Your spell library contained the following spells:

 Spells                   Type           Power      Damage    Failure   Level
 Apportation              Tloc           0%         N/A       67%         1
 Magic Dart               Conj           0%         1d3       67%         1
 Necrotise                Necr           0%         1d4       67%         1
 Mephitic Cloud           Conj/Pois/Air  0%         N/A       95%         3
 Summon Small Mammal      Summ           Unusable   N/A       N/A         1
 Call Imp                 Summ           Unusable   N/A       N/A         2

Dungeon Overview and Level Annotations

Branches:
Dungeon (9/15)             Temple (1/1) D:6            Lair (1/5) D:8
    Orc: D:9-12

Altars:
Ashenzari
Cheibriados
Dithmenos
Fedhas
Gozag
Hepliaklqana
Kikubaaqudgha
Makhleb
Nemelex Xobeh
Okawaru
Qazlal
Ru
Sif Muna
Trog
Uskayaw
Vehumet
Wu Jian
Xom
Yredelemnul
Zin
The Shining One

Shops:
D:3 *   D:5 ?   D:7 (


Innate Abilities, Weirdness & Mutations

You have a pair of horns on your head.
You reflexively headbutt those who attack you in melee.


Message History

The black mamba is heavily wounded.
The black mamba bites you.
You are poisoned.
The black mamba poisons you! You block the black mamba's attack.
You hit the black mamba but do no damage.
The black mamba is heavily wounded.
You feel very sick.
The black mamba bites you but does no damage.
The boulder beetle curls into a ball and begins rolling!
You are too injured to fight recklessly!
You are too injured to fight recklessly!
You are too injured to fight recklessly!
Unknown command.
You slash the black mamba!
The black mamba is almost dead.
You feel very sick. You block the black mamba's attack. x2
You closely miss the black mamba.
The black mamba is almost dead.
You feel sick. You block the black mamba's attack. The black mamba bites you.
You slash the black mamba!
You kill the black mamba!
Okawaru accepts your kill.
You feel very sick.
You feel sick.
You feel sick.
You feel sick. You block the boulder beetle's attack.
The boulder beetle stops rolling and uncurls.
The boulder beetle attacks as you move away!
The boulder beetle bites you!
* * * LOW HITPOINT WARNING * * *
You feel sick.
The boulder beetle leaps!
You feel sick.
You feel sick.
You feel sick.
You are no longer poisoned.
You see here 5 stones.
The boulder beetle curls into a ball and begins rolling!
The boulder beetle hits you!!
You die...

#.#.##.#..(.......#######.#.#
#............................
..####.#.°#####..#####.#.##.#
####°# #.## ######.# #°# ##.#
#.# ##°## #P.# ###.#
#.###..○####.#########.#.#
.........B.................
P###.#.##.@^...............
#### #..................
##.................
#.................
#................[
#.................
#.................
#.................
########..............<..


You could see a boulder beetle (rolling).

Vanquished Creatures
  A cane toad (Lair:1)
  A black mamba (Lair:1)
  A komodo dragon (D:9)
  A troll (D:9)
  2 hornets
  Prince Ribbit (D:5)
  5 blink frogs
  A wyvern (D:9)
  6 yaks (D:8)
  Edmund (D:5)
  3 steam dragons
  7 water moccasins
  Duvessa (D:4)
  A black bear (D:6)
  2 orc warriors
  2 ogres
  Blork the orc (D:4)
  2 bullfrogs
  2 gnoll sergeants (D:9)
  4 scorpions
  2 necrophages
  4 wights (D:9)
  Dowan (D:4)
  19 killer bees
  4 howler monkeys
  A jelly (D:7)
  A hound (D:6)
  7 orc priests
  2 gnoll boudas (D:6)
  4 iguanas
  Natasha (thrice) (D:3)
  2 orc wizards (D:8)
  Robin (D:3)
  23 gnolls
  11 adders
  2 shadow imps
  2 white imps
  An ufetubus (D:7)
  4 worms
  3 dart slugs
  33 orcs
  11 endoplasms
  3 giant cockroaches
  7 hobgoblins
  A jackal (D:2)
  6 quokkas
  4 ball pythons
  8 bats
  3 frilled lizards
  20 goblins
  10 kobolds
  10 rats
  A spectral orc (D:5)
259 creatures vanquished.

Vanquished Creatures (others)
  12 fungi
  6 plants (D:3)
18 creatures vanquished.

Grand Total: 277 creatures vanquished

Notes
Turn   | Place    | Note
-------+----------+-------------------------------------------
     0 | D:1      | EarthwalkerPL the Minotaur Fighter began the quest for the
                  | Orb.
     0 | D:1      | Reached XP level 1. HP: 19/19 MP: 0/0
   205 | D:1      | Reached XP level 2. HP: 27/27 MP: 1/1
   873 | D:2      | Reached XP level 3. HP: 33/33 MP: 2/2
  1334 | D:2      | Reached XP level 4. HP: 41/41 MP: 3/3
  1498 | D:2      | Found a faded altar of an unknown god.
  1956 | D:3      | Noticed Robin
  1966 | D:3      | Killed Robin
  2017 | D:3      | Found Zelieh's Assorted Antiques.
  2028 | D:3      | Noticed Natasha
  2032 | D:3      | Reached XP level 5. HP: 42/47 MP: 4/4
  2036 | D:3      | Killed Natasha
  2037 | D:3      | Reached skill level 5 in Armour
  2082 | D:3      | Found a snail-covered altar of Cheibriados.
  2100 | D:3      | Reached skill level 5 in Fighting
  2380 | D:3      | Found a shimmering altar of Xom.
  2380 | D:3      | Found a sacrificial altar of Ru.
  2463 | D:3      | Noticed Natasha
  2471 | D:3      | Killed Natasha
  2650 | D:3      | Reached XP level 6. HP: 53/56 MP: 5/5
  2742 | D:3      | Noticed Natasha
  2748 | D:3      | Killed Natasha
  3207 | D:4      | Found an ancient bone altar of Kikubaaqudgha.
  3243 | D:4      | Noticed Dowan
  3244 | D:4      | Noticed Duvessa
  3260 | D:4      | Killed Duvessa
  3261 | D:4      | Reached skill level 5 in Axes
  3261 | D:4      | Killed Dowan
  3262 | D:4      | Reached skill level 5 in Shields
  3262 | D:4      | Reached XP level 7. HP: 44/63 MP: 6/6
  3501 | D:4      | Noticed Blork the orc
  3507 | D:4      | Killed Blork the orc
  3511 | D:4      | Found a shadowy altar of Dithmenos.
  3540 | D:4      | Found an iron altar of Okawaru.
  3569 | D:4      | Became a worshipper of Warmaster Okawaru
  3820 | D:5      | Entered Level 5 of the Dungeon
  3820 | D:5      | Found Vyasmov's Magic Scroll Shoppe.
  4027 | D:5      | Noticed Edmund
  4049 | D:5      | Killed Edmund
  4050 | D:5      | Reached XP level 8. HP: 51/71 MP: 7/7
  4218 | D:5      | Found a hazy altar of Hepliaklqana.
  4286 | D:5      | Noticed Prince Ribbit
  4326 | D:5      | Killed Prince Ribbit
  4326 | D:5      | Reached * piety under Okawaru
  4847 | D:5      | Bought a scroll of identify for 20 gold pieces
  4921 | D:6      | Found a staircase to the Ecumenical Temple.
  4937 | D:6      | Reached ** piety under Okawaru
  4956 | Temple   | Entered the Ecumenical Temple
  5460 | D:6      | Reached XP level 9. HP: 82/82 MP: 8/8
  5917 | D:6      | Found a hide-covered altar of Uskayaw.
  6055 | D:7      | Found a glowing golden altar of the Shining One.
  6057 | D:7      | Noticed an angel
  6149 | D:7      | Found Wueroan's Antique Weapon Emporium.
  6652 | D:7      | Found a basalt altar of Yredelemnul.
  6951 | D:8      | Reached *** piety under Okawaru
  7352 | D:8      | Found a staircase to the Lair.
  8027 | D:9      | Reached skill level 10 in Armour
  8032 | D:9      | Reached **** piety under Okawaru
  8033 | D:9      | Reached XP level 10. HP: 87/93 MP: 9/9
  8052 | D:9      | Reached skill level 10 in Fighting
  8815 | D:9      | Reached skill level 10 in Axes
  9076 | D:9      | Paralysed by a hornet for 1 turns
  9079 | D:9      | Reached ***** piety under Okawaru
  9442 | D:9      | Noticed a four-headed hydra
  9498 | Lair:1   | Entered Level 1 of the Lair of Beasts
  9862 | Lair:1   | Noticed a cane toad
  9873 | Lair:1   | Killed a cane toad
  9874 | Lair:1   | Reached XP level 11. HP: 102/102 MP: 10/10
 10164 | Lair:1   | Noticed a boulder beetle
 10200 | Lair:1   | Mangled by a boulder beetle

Illustrated notes

Levels and vault maps discovered:
D:1:      dpeg_cavernosity, layout_basic
D:2:      layout_loops_cross, chequers_ecumenical_altar_simple_redux,
          minmay_divided_ellipse
D:3:      layout_basic, kennysheep_slug_shrine,
          chequers_temple_overflow_statue_of_worship, serial_corexii_hall,
          corexii_hall_statues_x, chequers_hall_statues_corner_a,
          corexii_hall_statues_l, corexii_hall_statues_s,
          corexii_hall_statues_x, corexii_hall_statues_i, serial_shops,
          nicolae_shop_overgrown_old_shop, uniq_robin, uniq_natasha
D:4:      layout_rooms, mainiacjoe_overflow_catwalk, jmf_multi_god_temple,
          dreamdust_wishing_well, uniq_blork_the_orc, uniq_duvessa
D:5:      layout_rooms, nicolae_hepliaklqana_monster_ancestors, serial_shops,
          shop, uniq_edmund, uniq_prince_ribbit1
D:6:      layout_basic, mainiacjoe_overflow_cross_hatched,
          minmay_temple_entry_arrows, kennysheep_generic_room_5
D:7:      layout_cave_pods, grunt_temple_overflow_holy_war, serial_shops, shop,
          kennysheep_small_square
D:8:      kennysheep_spiral_hall, layout_loops_ring, lair_entry_dummy
D:9:      kennysheep_steamy, layout_small_grid
Temple:   hellmonk_temple_of_storms
Lair:1:   layout_small_grid

Skill      XL: |  1  2  3  4  5  6  7  8  9 10 |
---------------+-------------------------------+-----
Armour         | 4 5 6 7 8 10 11 | 11.6
Fighting       | 4 5 6 8 9 11 | 11.5
Axes           | 3 4 5 6 7 9 11 | 11.1
Shields        | 4 5 6 7 8 |  8.8

Action                   |  1- 3 |  4- 6 |  7- 9 | 10-12 || total
-------------------------+-------+-------+-------+-------++-------
Melee: War axe           |    98 |   132 |   326 |   157 ||   713
       Headbutt          |    10 |    22 |    48 |    29 ||   109
Throw: Boomerang         |       |       |     9 |       ||     9
       Dart              |       |       |     3 |     1 ||     4
  Use: Scroll            |       |       |    10 |     2 ||    12
Armor: Scale mail        |    44 |    73 |       |       ||   117
       Ring mail         |       |       |   115 |    64 ||   179
Dodge: Dodged            |    43 |    53 |   122 |    68 ||   286
Block: Buckler           |    27 |    31 |   204 |   111 ||   373
